 Dungeon Crawl Stone Soup version 0.30-a0-368-g86fb4627a9 (webtiles) character file.

Game seed: 15392394389731911888

25 RascalDebosk the Magician (level 3, 25/25 HPs)
             Began as a Djinni Earth Elementalist on Nov 19, 2022.
             Was a Follower of Qazlal.
             Quit the game on level 1 of the Dungeon.
             The game lasted 00:06:22 (599 turns).

RascalDebosk the Magician (DjEE)                     Turns: 599, Time: 00:06:23

Health: 25/25      AC:  2    Str:  7    XL:     3   Next: 17%
Gold:   38         EV: 12    Int: 18    God:    Qazlal [*.....] SH:  1 Dex: 13

rFire   + + .      SeeInvis .    s - +2 dagger (drain)
rCold   x . .      Faith    .    (no shield)
rNeg    . . .      Spirit   .    a - +0 robe
rPois   ∞          Reflect  .    (no helmet)
rElec   .          Harm     .    (no cloak)
rCorr   .          Rampage  .    (no gloves)
Will    .....                    (boots unavailable)
Stlth   ++........               (no amulet)
HPRegen 0.24/turn                f - ring of wizardry
MPRegen 0.00/turn                (no ring)

@: flying
A: sickness immunity, fire resistance 2, cold vulnerability 1, float, innate
caster, HP casting, extra vitality 1
a: Renounce Religion


You were on level 1 of the Dungeon.
You worshipped Qazlal.
Qazlal was aware of your devotion.
You visited 1 branch of the dungeon, and saw 1 of its levels.

You collected 38 gold pieces.

Inventory:

Hand Weapons
 s - a +2 dagger of draining (weapon)
Armour
 a - a +0 robe (worn)
Jewellery
 f - a ring of wizardry (left hand)
Scrolls
 b - 3 scrolls of identify {unknown}
 c - a scroll of fear {unknown}
 e - a scroll of noise {unknown}
 g - a scroll of blinking {unknown}
Potions
 d - a potion of curing {unknown}


   Skills:
 - Level 2.1 Dodging
 - Level 1.5 Stealth
 + Level 3.2 Spellcasting


You couldn't memorise any spells.
You knew the following spells:

 Your Spells              Type           Power      Damage    Failure   Level
a - Sandblast             Erth           28%        2d8       1%          1
b - Passwall              Tmut/Erth      11%        N/A       2%          2
c - Stone Arrow           Conj/Erth      28%        3d8       4%          3
d - Petrify               Tmut/Erth      14%        N/A       16%         4
e - Slow                  Hex            56%        N/A       1%          1
Your spell library was empty.

Dungeon Overview and Level Annotations

Branches:
Dungeon (1/15)

Altars:
Qazlal


Innate Abilities, Weirdness & Mutations

You are immune to sickness and miasma.
You are immune to poison.
Your flesh is very heat resistant. (rF++)
You are vulnerable to cold. (rC-)
You float through the air rather than walking.
You learn spells naturally, not from books.
Your magical power is your life essence.
You have superior vitality. (+4 MHP)


Message History

Found a scroll labelled QOTOST KARCH.
Aiming: Sandblast (safe; 2% risk of failure)
Press: ? - help, Q - select action, (/) - cycle Shift-Dir - straight line, f - goblin
Aim: a goblin, wielding a +0 dagger (asleep, 100% to hit)
The blast of sand hits the goblin!
You kill the goblin!
Aiming: Sandblast (safe; 1% risk of failure)
Press: ? - help, Q - select action, (/) - cycle Shift-Dir - straight line, f - quokka
Aim: a quokka (75% to hit)
The blast of sand hits the quokka!
You kill the quokka!
You have reached level 3!
Your experience leads to an increase in your attributes!
Increase (s)trength, (i)ntelligence, or (d)exterity?
You feel clever. x2
The power to cast Slow wells up from within.
Spell assigned to 'e'.
A goblin is nearby!
Aiming: Sandblast (safe; 1% risk of failure)
Press: ? - help, Q - select action, (/) - cycle Shift-Dir - straight line, f - goblin
Aim: a goblin, wielding a +0 dagger of draining (asleep, 100% to hit)
The blast of sand hits the goblin!
You kill the goblin!
You see here a +0 dagger of draining.
A giant cockroach comes into view.
You see here a scroll labelled QOTOST KARCH.
b - 2 scrolls labelled QOTOST KARCH (gained 1)
Aiming: Sandblast (safe; 1% risk of failure)
Press: ? - help, Q - select action, (/) - cycle Shift-Dir - straight line, f - giant cockroach
Aim: a giant cockroach (82% to hit)
The blast of sand hits the giant cockroach!
You kill the giant cockroach!
Found 4 poisoned darts and a robe.
You see here 4 poisoned darts.
You see here a +0 robe.
Found 2 stones.
You now have 22 gold pieces (gained 15).
Found a stone staircase leading down.
Found a stone staircase leading down.
Found a stone staircase leading down.
You see here 9 stones.
You see here a bat skeleton.
There is an open door here.
You reach down and open the door.
There is an open door here.
As you open the door, it creaks loudly!
You reach down and open the door.
There is an open door here.
g - a scroll labelled ROMPOCUX YVYQI
Found a ring mail.
You see here a +0 ring mail.
You reach down and open the door.
There is an open door here.
You reach down and open the door.
There is an open door here.
There is an open door here.
You reach down and open the door.
There is an open door here.
There is an open door here.
There is an open door here.
Found 6 stones.
You see here 6 stones.
You see here 6 stones.
There is an open door here.
There is an open door here.
There is an open door here.
A rat comes into view.
Aiming: Sandblast (safe; 1% risk of failure)
Press: ? - help, Q - select action, (/) - cycle Shift-Dir - straight line, f - rat
Aim: a rat (asleep, 100% to hit)
The blast of sand hits the rat.
You kill the rat!
Found 16 gold pieces.
Found a human skeleton and a minotaur skeleton.
A ball python comes into view.
Found a dagger, two human skeletons and a scroll labelled QOTOST KARCH.
Aiming: Sandblast (safe; 1% risk of failure)
Press: ? - help, Q - select action, (/) - cycle Shift-Dir - straight line, f - you That would be overly suicidal.
Okay, then.
Found a human skeleton.
Found a faded altar of an unknown god.
Aiming: Sandblast (safe; 1% risk of failure)
Press: ? - help, Q - select action, (/) - cycle Shift-Dir - straight line, f - ball python
Aim: a ball python (asleep, 100% to hit)
The blast of sand hits the ball python!
You kill the ball python!
You now have 38 gold pieces (gained 16).
b - 3 scrolls labelled QOTOST KARCH (gained 1) Done exploring.
Things that are here:
a +0 dagger; a human skeleton
There is a faded altar of an unknown god here.
This altar belongs to (a) Fedhas, (b) Qazlal or (c) Ashenzari, but you can't tell which.
Press the corresponding letter to learn more about a god, or press enter to convert or escape to cancel.
Okay, then.
This altar belongs to (a) Fedhas, (b) Qazlal or (c) Ashenzari, but you can't tell which.
Press the corresponding letter to learn more about a god, or press enter to convert or escape to cancel.
Qazlal accepts your prayer! Qazlal welcomes you!
Qazlal grants you and your divine allies immunity to clouds.
You are now surrounded by a storm.
Are you sure you want to abandon this character and quit the game? (Confirm with "yes".)

...## #....# #### #....#
...#### #....# ......###
#....###### ##.##(..#
#........†# ....###.#
#########.# ##....#>###
#.# .###......###
#######.#
..#####.....####@÷...#.#
..# #####..#.#)......#
.>##########...#÷...÷8.#
...............#÷......#
..############.#.......#
..# ###..÷....# ..#
#.....8## .## #8.8.8.#
## ########


There were no monsters in sight!

Vanquished Creatures
  A dart slug (D:1)
  2 bats (D:1)
  An endoplasm (D:1)
  A giant cockroach (D:1)
  4 goblins (D:1)
  A hobgoblin (D:1)
  2 kobolds (D:1)
  2 quokkas (D:1)
  2 ball pythons (D:1)
  4 rats (D:1)
20 creatures vanquished.

Notes
Turn   | Place    | Note
-------+----------+-------------------------------------------
     0 | D:1      | RascalDebosk the Djinni Earth Elementalist began the quest
                  | for the Orb.
     0 | D:1      | RascalDebosk set off with the following spells memorised:
                  | Sandblast, Passwall, Stone Arrow, Petrify.
     0 | D:1      | Reached XP level 1. HP: 15/15 MP: 0/0
    42 | D:1      | Reached XP level 2. HP: 19/21 MP: 0/0
   101 | D:1      | Reached skill level 3 in Spellcasting
   310 | D:1      | Reached XP level 3. HP: 23/25 MP: 0/0
   310 | D:1      | Learned a level 1 spell: Slow
   584 | D:1      | Found a faded altar of an unknown god.
   598 | D:1      | Prayed at the altar of an unknown god.
   598 | D:1      | Became a worshipper of Qazlal Stormbringer
   598 | D:1      | Reached * piety under Qazlal
   599 | D:1      | Quit the game

Illustrated notes

Levels and vault maps discovered:
D:1:      nicolae_arrival_somewhat_less_tricky_arrival, layout_rooms,
          shapermc_ecumenical_altar_pompeii

Skill      XL: |  1  2 |
---------------+-------+-----
Spellcasting   | 3 |  3.2
Dodging        | |  2.1
Stealth        | |  1.5

Action                   || total
-------------------------++-------
 Cast: Sandblast         ||    26
Armor: Robe              ||     2
Dodge: Dodged            ||     4

Table legend: (Time is in decaauts)
 A = Elapsed time spent in this place.
 B = Non-inter-level travel time spent in this place.
 C = Inter-level travel time spent in this place.
 D = Time resting spent in this place.
 E = Time spent auto-exploring this place.
 F = Levels seen in this place.
 G = Mean time per level.
                   A        B        C        D        E       F      G
               +--------+--------+--------+--------+--------+-----+--------+
         Total |    611 |    611 |      0 |      0 |    454 |   1 |  611.0 |
       Dungeon |    611 |    611 |      0 |      0 |    454 |   1 |  611.0 |
               +--------+--------+--------+--------+--------+-----+--------+

Top non-repeatable levels by time:
     D:1: 611 daAuts
